 Dungeon Crawl Stone Soup version 0.30.1-3-gfc49f6343a (webtiles) character file.

Game seed: 13457030800706849567

236 Heoruswealwe the Conjurer (level 5, -10/28 HPs)
             Began as a Deep Elf Conjurer on July 23, 2023.
             Killed by divine providence
             ... invoked by an orc priest
              (13 damage)
             ... on level 4 of the Dungeon.
             The game lasted 00:27:47 (3326 turns).

Heoruswealwe the Conjurer (Deep Elf Conjurer)       Turns: 3326, Time: 00:27:48

Health: -10/28     AC:  4    Str:  4    XL:     5   Next: 77%
Magic:  4/15       EV: 12    Int: 25    God:
Gold:   184        SH:  0    Dex: 13    Spells: 2/16 levels left

rFire   . . .        b - +0 war axe
rCold   . . .        (no shield)
rNeg    . . .        c - +0 animal skin
rPois   .            g - +0 helmet
rElec   .            (no cloak)
rCorr   .            (no gloves)
SInv    .            e - +0 pair of boots
Will    .....        (no amulet)
Stlth   ++           (no ring)
HPRegen 0.24/turn    (no ring)
MPRegen 0.14/turn

%: no passive effects
@: no status effects
A: no striking features
a: no special abilities


You were on level 4 of the Dungeon.
You visited 1 branch of the dungeon, and saw 4 of its levels.

You collected 184 gold pieces.

Inventory:

Hand Weapons
 b - a +0 war axe (weapon)
Armour
 c - a +0 animal skin (worn)
 e - a +0 pair of boots (worn)
 g - a +0 helmet (worn)
Magical Staves
 r - a staff of poison
Scrolls
 d - a scroll of fear {unknown}
 h - a scroll of amnesia {unknown}
 i - a scroll of teleportation {unknown}
 m - a scroll of blinking {unknown}
 n - a scroll of enchant armour {unknown}
 o - a scroll of summoning {unknown}
 p - 3 scrolls of identify {unknown}
 s - a scroll of brand weapon {unknown}
 u - 2 scrolls of immolation {unknown}
 w - a scroll of poison {unknown}
Potions
 a - 3 potions of cancellation {unknown}
 f - a potion of berserk rage {unknown}
 j - a potion of magic
 k - 2 potions of haste {unknown}
 l - a potion of resistance {unknown}
 q - a potion of curing {unknown}
 t - 2 potions of might {unknown}
 v - a potion of brilliance {unknown}


   Skills:
 - Level 2.4 Dodging
 - Level 2.4 Stealth
 + Level 6.1 Spellcasting
 + Level 6.3 Conjurations


You had 2 spell levels left.
You knew the following spells:

 Your Spells              Type           Power      Damage    Failure   Level
a - Magic Dart            Conj           100%       1d8       1%          1
b - Searing Ray           Conj           78%        2d7       1%          2
c - Dazzling Flash        Conj/Hex       46%        N/A       6%          3
d - Fulminant Prism       Conj/Hex       11%        3d8       21%         4
e - Iskenderun's Mystic   Conj/Tloc      23%        2d6       21%         4

Your spell library contained the following spells:

 Spells                   Type           Power      Damage    Failure   Level
 Beastly Appendage        Tmut           14%        N/A       8%          1
 Necrotise                Necr           28%        1d5       8%          1
 Wereblood                Tmut           7%         N/A       11%         2
 Gell's Gravitas          Tloc           7%         N/A       22%         3
 Spider Form              Tmut/Pois      7%         N/A       22%         3
 Teleport Other           Tloc           7%         N/A       22%         3
 Vampiric Draining        Necr           7%         2d6       22%         3
 Cause Fear               Hex            3%         N/A       58%         4
 Agony                    Necr           7%         N/A       90%         5
 Dispersal                Tloc           3%         N/A       100%        6
 Dragon Form              Tmut           3%         N/A       100%        7
 Dragon's Call            Summ           3%         N/A       100%        9


Dungeon Overview and Level Annotations

Branches:
Dungeon (4/15)
 Temple: D:4-7

Altars:
Ru


Message History

You kill the hobgoblin!
An orc priest comes into view. It is wielding a +0 club.
The magic dart hits the orc priest.
The orc priest is moderately wounded.
The orc priest shouts!
An orc priest comes into view. It is wielding a +0 hand axe.
The magic dart hits the orc priest!
The orc priest is almost dead.
The orc priest shouts!
The orc priest calls down the wrath of Beogh upon you.
Beogh smites you!
The magic dart hits the orc priest.
You kill the orc priest!
An orc priest comes into view. It is wielding a +0 hand axe.
The orc priest calls down the wrath of Beogh upon you.
Beogh smites you!
Ouch! That really hurt!
* * * LOW HITPOINT WARNING * * *
An orc comes into view. It is wielding a +0 flail.
Your Spellcasting skill increases to level 6!
Casting: Magic Dart (safe; 1% risk of failure)
Confirm with . or Enter, or press ? or * to list all spells.
Aiming: Magic Dart (safe; 1% risk of failure)
Press: ? - help, Shift-Dir - straight line, f - orc priest
Aim: an orc priest, wielding a +0 hand axe and wearing a +0 ring mail (100% to hit)
The magic dart hits the orc priest.
The orc priest is lightly wounded.
The orc priest miscasts a cantrip.
Casting: Magic Dart (safe; 1% risk of failure)
Confirm with . or Enter, or press ? or * to list all spells.
Aiming: Magic Dart (safe; 1% risk of failure)
Press: ? - help, Shift-Dir - straight line, f/p - orc priest
Aim: an orc priest, wielding a +0 hand axe and wearing a +0 ring mail (lightly wounded, 100% to hit)
The magic dart hits the orc priest.
The orc priest is moderately wounded.
The orc priest shouts!
You hear a shout!
The orc priest looks satisfied for a moment.
The orc priest calls down the wrath of Beogh upon you.
Beogh smites you!
You die...

..o).............##
..o......... ....##
...oo....# #...##
........# #...##
#......## ##...###
#.......## ##.....
#........# ##....
#....#....# #....
#..@.# ...# ##.).
#....## #...##
##†.. ##....##
#....##....
##....## #.........
##....###.........
##....###......##
##...........##
##.........##
##........#


You could see 2 orc priests and an orc.

Vanquished Creatures
  A hound (D:4)
  An orc priest (D:4)
  A sleepcap (D:4)
  Robin (D:2)
  5 adders
  2 worms
  2 dart slugs
  4 bats
  5 endoplasms
  A giant cockroach (D:1)
  12 goblins
  9 hobgoblins
  3 jackals (D:1)
  6 quokkas
  6 ball pythons
  15 frilled lizards
  7 kobolds
  7 rats
88 creatures vanquished.

Notes
Turn   | Place    | Note
-------+----------+-------------------------------------------
     0 | D:1      | Heoruswealwe the Deep Elf Conjurer began the quest for the
                  | Orb.
     0 | D:1      | Reached XP level 1. HP: 10/10 MP: 6/6
   104 | D:1      | You fall into a shaft and drop 1 floor!
   213 | D:1      | Reached XP level 2. HP: 15/15 MP: 2/8
   601 | D:1      | Learned a level 2 spell: Searing Ray
   669 | D:1      | Reached skill level 5 in Conjurations
   670 | D:1      | Reached XP level 3. HP: 19/19 MP: 0/10
   948 | D:2      | Learned a level 3 spell: Dazzling Flash
  1289 | D:2      | Reached XP level 4. HP: 24/24 MP: 8/12
  1294 | D:2      | Learned a level 4 spell: Fulminant Prism
  1857 | D:2      | Identified the +0 hand axe of the Nine Tables {antimagic,
                  | rPois Will+ rCorr Dex-2}
  1966 | D:2      | Noticed Robin
  1976 | D:2      | Killed Robin
  1977 | D:2      | Reached skill level 5 in Spellcasting
  2596 | D:3      | Reached XP level 5. HP: 28/28 MP: 7/14
  2601 | D:3      | Learned a level 4 spell: Iskenderun's Mystic Blast
  2892 | D:3      | Found a sacrificial altar of Ru.
  3326 | D:4      | Killed from afar by an orc priest

Illustrated notes

Levels and vault maps discovered:
D:1:      nicolae_arrival_somewhat_less_tricky_arrival, layout_rooms,
          minmay_lizard_king
D:2:      layout_basic, minmay_split_cup_small, uniq_robin
D:3:      layout_basic, nicolae_ru_path_of_blood
D:4:      layout_layer_cave, portal_sewer_entry_e

Skill      XL: |  1  2  3  4  5 |
---------------+----------------+-----
Spellcasting   | 4 5 6 |  6.1
Conjurations   | 5 6 |  6.3
Dodging        | |  2.4
Stealth        | |  2.4

Action                     |  1- 3 |  4- 6 || total
---------------------------+-------+-------++-------
  Melee: Unarmed           |     2 |       ||     2
         War axe           |     5 |       ||     5
   Cast: Magic Dart        |    76 |    86 ||   162
         Searing Ray       |       |     3 ||     3
    Use: Potion            |       |     1 ||     1
 Armour: Robe              |     2 |       ||     2
  Dodge: Dodged            |    11 |     1 ||    12
